 Dungeon Crawl Stone Soup version 0.17-a0-2024-gc284f19 (webtiles) character file.

44 Mordenkainen the Magician (level 3, -2/19 HPs)
             Began as a Deep Elf Wizard on Oct 10, 2015.
             Killed from afar by Natasha (7 damage)
             ... with a wand of frost
             ... on level 2 of the Dungeon.
             The game lasted 00:01:07 (877 turns).

Mordenkainen the Magician (Deep Elf Wizard)          Turns: 877, Time: 00:01:08

Health: -2/19      AC:  2    Str:  4    XL:     3   Next: 39%
Magic:  3/10       EV: 12    Int: 23    God:
Gold:   47         SH:  0    Dex: 13    Spells: 1 memorised, 9 levels left

rFire  . . .     SeeInvis .     (no weapon)
rCold  . . .     Clarity  .     a - +0 robe
rNeg   . . .     SustAt   .     (no shield)
rPois  .         Gourm    .     b - +0 hat
rElec  .         Spirit   .     (no cloak)
rCorr  .         Warding  .     (no gloves)
rMut   .         Stasis   .     (no boots)
MR     .....                    (no amulet)
Stlth  ++........               (no ring)
                                (no ring)

@: very slightly contaminated, not resistant to hostile enchantments, unstealthy
A: no striking features
a: no special abilities


You were on level 2 of the Dungeon.
You were not hungry.

You visited 1 branch of the dungeon, and saw 2 of its levels.

You collected 47 gold pieces.

Inventory:

Armour
 a - a +0 robe (worn)
 b - a +0 hat (worn)
Jewellery
 i - an uncursed ring of magical power {unknown}
 k - a cursed ring of teleportation {unknown}
Scrolls
 e - a scroll of remove curse {unknown}
 f - 2 scrolls of teleportation {unknown}
Potions
 g - a potion of flight {unknown}
 h - 3 potions of curing {unknown}
 j - a potion of agility {unknown}
 l - a potion of poison {unknown}
Books
 c - a book of Minor Magic

   Spells                             Type                      Level
   a - Magic Dart                     Conjuration                  1
   b - Blink                          Translocation                2
   c - Call Imp                       Summoning                    2
   d - Repel Missiles                 Charms/Air                   2
   e - Slow                           Hexes                        2
   f - Conjure Flame                  Conjuration/Fire             3
   g - Mephitic Cloud                 Conjuration/Poison/Air       3
Comestibles
 d - a bread ration


   Skills:
 - Level 2.4 Dodging
 - Level 2.4 Stealth
 - Level 4.4 Spellcasting
 * Level 3.7 Conjurations
   Level 1.1 Summonings
   Level 1.1 Translocations


You had 9 spell levels left.
You knew the following spells:

 Your Spells              Type           Power        Failure   Level  Hunger
a - Magic Dart            Conj           ###.         2%          1    None


Dungeon Overview and Level Annotations

Branches:
Dungeon (2/15)

Altars:

Annotations:
D:2 Natasha


Message History

2 chunks of flesh; the felid skeleton of Natasha Natasha is nearby!
Casting: Magic Dart
Confirm with . or Enter, or press ? or * to list all spells.
Aiming: Magic Dart
Press: ? - help, Shift-Dir - straight line, f - Natasha
Aim: Natasha The magic dart hits Natasha.
Natasha is heavily wounded.
Natasha zaps a wand.
The puff of frost hits you!
* * * LOW HITPOINT WARNING * * *
It is a wand of frost {zapped: 1}.
Casting: Magic Dart
Confirm with . or Enter, or press ? or * to list all spells.
Aiming: Magic Dart
Press: ? - help, Shift-Dir - straight line, f/p - Natasha
Aim: Natasha, carrying a wand of frost {zapped: 2} (heavily wounded)
You miscast Magic Dart.
Nothing appears to happen.
Natasha zaps a wand.
The puff of frost hits you!
You die...

###### ...... ######+
......# .......
....... #........
.......####........
..................#
...................
########.##.........
#..@.....##.#...##..
#........##.#...##..
+...........#.......
#.......#h####'#....
#.......#..###'#..<.
#.......##.##...###.
.......####.##.......
.......# #....[.....
#..........


You could see Natasha.

Vanquished Creatures
  Natasha (D:2)
  A giant gecko (D:1)
  3 giant cockroaches (D:1)
  2 goblins (D:1)
  2 hobgoblins (D:1)
  5 kobolds (D:1)
  A giant newt (D:2)
  4 rats (D:1)
19 creatures vanquished.

Notes
Turn   | Place    | Note
--------------------------------------------------------------
     0 | D:1      | Mordenkainen the Deep Elf Wizard began the quest for the Orb.
     0 | D:1      | Reached XP level 1. HP: 10/10 MP: 7/7
   173 | D:1      | Reached XP level 2. HP: 12/15 MP: 3/9
   864 | D:2      | Noticed Natasha
   869 | D:2      | Killed Natasha
   869 | D:2      | Reached XP level 3. HP: 13/19 MP: 4/10
   876 | D:2      | Noticed Natasha
   877 | D:2      | Killed from afar by Natasha

Vault maps used:
D:1:      dpeg_arrival_pond
D:2:      first_bread, minmay_misc_feat_nine_boxes, uniq_natasha

Action                   || total
-------------------------++-------
Melee: Unarmed           ||     2
 Cast: Magic Dart        ||    41
